 Dungeon Crawl Stone Soup version 0.17.0-27-g4a3f43e (webtiles) character file.

1478404 timez0r the Conqueror (level 27, 263/273 HPs)
             Began as a Minotaur Berserker on Nov 19, 2015.
             Was a High Priest of Trog.
             Escaped with the Orb
             ... and 3 runes on Nov 20, 2015!
             The game lasted 05:31:24 (99103 turns).

timez0r the Conqueror (Minotaur Berserker)         Turns: 99103, Time: 05:31:25

Health: 263/273    AC: 42    Str: 26    XL:     27
Magic:  22/22      EV: 35    Int: 10    God:    Trog [*****.]
Gold:   5540       SH:  0    Dex: 29    Spells: 0 memorised, 26 levels left

rFire  + + +     SeeInvis +     Z - +9 great mace (drain)
rCold  + + .     Clarity  .     n - +3 gold dragon armour
rNeg   + . .     SustAt   .     (shield currently unavailable)
rPois  +         Gourm    .     S - +2 hat {MR+}
rElec  +         Spirit   .     J - +2 cloak {MR+}
rCorr  +         Warding  .     R - +0 pair of gloves
rMut   +         Stasis   .     p - +0 pair of boots of Omission {Int+3 Dex+4}
MR     +++++                    B - amulet of resist mutation
Stlth  ..........               U - ring of Shadows {Umbra +Inv rN+ SInv}
                                X - ring "Ufrog" {rF+ MR++}

@: agile, resistant, very slightly contaminated, hasted, wreathed by umbra, very
quick, almost entirely resistant to hostile enchantments, extremely unstealthy
A: retaliatory headbutt, horns 2, thin metallic scales 1, agile 1, clever 1,
wild magic 1, MP-powered wands
a: Berserk, Trog's Hand, Brothers in Arms, Burn Spellbooks, Renounce Religion,
Evoke Invisibility
0: Orb of Zot
}: 3/15 runes: barnacled, silver, gossamer


You escaped.
You worshipped Trog.
Trog was extremely pleased with you.
You were not hungry.

You visited 9 branches of the dungeon, and saw 52 of its levels.
You also visited: Sewer, Ossuary and Volcano.

You collected 8347 gold pieces.
You spent 2807 gold pieces at shops.

Inventory:

Hand Weapons
 j - a +5 vampiric demon whip
 w - the +4 dire flail of Defence by Offence {venom, rF+ Stlth+}
   (Trog gifted it to you on level 1 of the Elven Halls)

   It poisons the flesh of those it strikes.
   It protects you from fire.
   It makes you more stealthy.
 Z - a +9 great mace of draining (weapon)
Armour
 n - a +3 gold dragon armour (worn)
 p - the +0 pair of boots of Omission (worn) {Int+3 Dex+4}
   (You acquired it on level 3 of the Vaults)

   It affects your intelligence (+3).
   It affects your dexterity (+4).
 J - a +2 cloak of magic resistance (worn)
 R - a +0 pair of gloves (worn)
 S - a +2 hat of magic resistance (worn)
Jewellery
 a - an uncursed ring of protection from cold
 i - an uncursed ring of protection from magic
 q - the amulet "Qaonwuch" {Clar rElec MR+}
   (You bought it in a shop on level 9 of the Dungeon)

   [amulet of clarity]

   It provides mental clarity.
   It insulates you from electricity.
   It affects your resistance to hostile enchantments.
 y - a +5 ring of strength
 B - an amulet of resist mutation (around neck)
 U - the ring of Shadows (right hand) {Umbra +Inv rN+ SInv}
   (You took it off a merfolk on level 3 of the Shoals)

   [ring of invisibility]

   It protects you from negative energy.
   It lets you see invisible.
   It lets you turn invisible.
 X - the ring "Ufrog" (left hand) {rF+ MR++}
   (You bought it in a shop on level 10 of the Dungeon)

   [ring of protection from fire]

   It protects you from fire.
   It affects your resistance to hostile enchantments.
Wands
 l - a wand of flame (13)
 x - a wand of digging (0)
 N - a wand of teleportation (1)
Scrolls
 b - a scroll of enchant armour
 d - 10 scrolls of teleportation
 f - 6 scrolls of identify
 h - a scroll of immolation
 m - 9 scrolls of fear
 o - a scroll of silence
 A - 7 scrolls of blinking
 H - 3 scrolls of summoning
 L - 6 scrolls of enchant weapon
 P - a scroll of magic mapping
 Q - 6 scrolls of fog
 T - 14 scrolls of remove curse
Potions
 e - 2 potions of cure mutation
 k - 10 potions of curing
 r - 5 potions of might
 t - 5 potions of flight
 v - 4 potions of agility
 z - 4 potions of magic
 C - 6 potions of heal wounds
 D - 4 potions of cancellation
 E - 2 potions of brilliance
 F - 3 potions of ambrosia
 G - 3 potions of haste
 W - 2 potions of resistance
Miscellaneous
 s - a phial of floods
Comestibles
 c - 18 bread rations
 g - 13 meat rations


   Skills:
 O Level 27 Fighting
   Level 6.8(19.5) Axes
 + Level 26.9(27) Maces & Flails
 O Level 27 Armour
 O Level 27 Dodging


You had 26 spell levels left.
You didn't know any spells.

Dungeon Overview and Level Annotations

Branches:
Dungeon (15/15)            Temple (0/1) D:4            Lair (8/8) D:11
 Shoals (4/4) Lair:6       Spider (4/4) Lair:6        Slime (0/6) Lair:6
    Orc (4/4) D:12            Elf (2/3) Orc:4        Vaults (5/5) D:13
  Crypt (0/3) Vaults:2     Depths (5/5) D:15            Zot (5/5) Depths:5

Altars:
Cheibriados
Dithmenos
Elyvilon
Fedhas
Gozag
Okawaru
Ru
Sif Muna
Trog
Yredelemnul
Zin
The Shining One
Beogh
Jiyva
Lugonu

Shops:
D:8 *   D:9 ==?}   D:10 *=*(   D:12 (   Orc:1 (   Orc:4 *%?}   Elf:1 }
Shoals:2 (*(:   Vaults:4 (   Depths:4 (

Portals:
Hell: Depths:1 Depths:2 Depths:3 Depths:4 Depths:5
Abyss: Depths:1 Depths:2 Depths:4
Pandemonium: Depths:2 Depths:3
Ziggurat: Depths:5

Annotations:
D:5 exclusion: door
D:15 exclusion: Roxanne, Roxanne
Lair:8 exclusion: oklob plant
Spider:3 exclusion: obsidian statue
Elf:2 3 runed doors, exclusion: 3 doors
Depths:4 exclusion: 2 eyes of draining


Innate Abilities, Weirdness & Mutations

You reflexively headbutt those who attack you in melee.
You have a pair of horns on your head.
You are partially covered in thin metallic scales (AC +2).
You are agile. (Dex +2)
Your mind is acute. (Int +2)
Your spells are a little harder to cast, but a little more powerful.
You expend magic power (3 MP) to strengthen your wands.


Message History

The Orb Guardian is heavily wounded.
The Orb Guardian completely misses you.
You completely miss the Orb Guardian. You headbutt the Orb Guardian.
The Orb Guardian is heavily wounded.
The Orb Guardian completely misses you.
You hear a grinding noise.
You pound the Orb Guardian like an anvil!!!
You kill the Orb Guardian!
Trog accepts your kill.
Drink which item? (? for menu, Esc to quit)
You feel protected.
Drink which item? (? for menu, Esc to quit)
You feel agile all of a sudden.
Drink which item? (? for menu, Esc to quit)
You feel yourself speed up.
You climb upwards.
There is a stone staircase leading down here.
You see here a dagger.
There is a staircase leading out of the dungeon here.
You have escaped!

#.รท.....##.#.####.###..####.###..
#..####.##.#.# #.# #..####.####.
.............####.###............
........................########.
##.####.##.......#......########.
#.# #..#......###.....##....##.
##.####..#.......#...............
#.....#..#.......).......#....##.
#.....#..#...#..@#...#...#....##.
#.....#..#..###.###.###..#....##.
.....##..#...#...#>..#...#######.
#..#.##..#......(........# #.
#..#.##..#.......#.......# #.
#...............###......# #.
#.##.##..#.......#.......#######.
#.##.##..#)......................
.......................#########.


There were no monsters in sight!

Vanquished Creatures
  4 orbs of fire (Zot:5)
  2 ancient liches (Zot:5)
  Mennas (Depths:4)
  A juggernaut (Depths:5)
  Norris (Vaults:1)
  6 Killer Klowns
  3 curse toes
  A caustic shrike (Depths:2)
  14 golden dragons
  the Enchantress (Depths:4)
  A bone dragon (Depths:5)
  3 electric golems (Zot:5)
  5 liches
  20 tentacled monstrosities
  26 Orb Guardians
  6 titans
  5 quicksilver dragons
  13 death cobs
  A kraken (Shoals:3)
  6 sphinxes
  5 shadow dragons
  Frances (Spider:2)
  16 storm dragons
  Kirke (D:14)
  8 tengu reavers
  4 draconian monks
  Ilsuiw (Shoals:4)
  4 deep elf sorcerers
  17 fire giants
  15 frost giants
  2 iron dragons
  Maud (Lair:8)
  A cacodemon (Depths:2)
  8 draconian knights
  14 vault wardens
  Aizul (Spider:2)
  Louise (D:15)
  7 emperor scorpions
  3 draconian zealots
  2 draconian scorchers
  An orc warlord (Elf:1)
  5 ghost moths
  A draconian shifter (Zot:2)
  19 very ugly things
  8 draconian annihilators
  2 war gargoyles (Vaults:5)
  8 spriggan defenders
  34 stone giants
  A caustic shrike skeleton (Depths:3)
  13 ironheart preservers
  6 draconian callers
  5 black draconians
  Nessos (Lair:8)
  8 vampire knights
  9 white draconians
  4 deep elf demonologists
  12 green draconians
  Azrael (Elf:1)
  5 salamander stormcallers
  3 deep elf annihilators (Vaults:5)
  4 purple draconians
  4 red draconians
  5 yellow draconians
  8 mottled draconians
  18 ettins
  4 deep elf death magi
  4 merfolk javelineers
  19 yaktaur captains
  33 vault guards
  An ettin (shapeshifter) (Vaults:3)
  11 merfolk impalers
  4 deep elf high priests
  3 jiangshi (D:15)
  8 hydras
  22 fire dragons
  2 small abominations
  5 rakshasas
  26 ice dragons
  12 ogre magi
  A death knight (Vaults:2)
  16 great orbs of eyes
  2 hell beasts
  3 merfolk avatars
  A hydra (shapeshifter) (Depths:2)
  4 spriggan air magi
  3 catoblepae
  A ghost crab (shapeshifter) (Depths:5)
  4 satyrs
  3 merfolk aquamancers
  16 death yaks
  2 dancing weapons (Elf:2)
  11 entropy weavers
  An alligator snapping turtle (Shoals:3)
  13 centaur warriors
  A tengu warrior (Depths:3)
  A large abomination (Vaults:5)
  10 deep troll earth magi
  A hell hog (D:8)
  5 deep troll shamans
  6 spriggan berserkers
  A vampire mage (D:15)
  A sun demon (Depths:5)
  19 deep elf knights
  5 fire crabs
  5 hell knights
  An ice devil (Depths:3)
  A salamander mystic (Depths:2)
  12 sea snakes
  A skeletal warrior (Vaults:2)
  2 shadow wraiths (Vaults:2)
  2 iron trolls
  A storm dragon skeleton (Depths:2)
  2 wizards
  21 deep trolls
  8 giant orange brains
  A deep troll (shapeshifter) (Depths:3)
  An unseen horror (shapeshifter) (D:15)
  10 deep elf summoners
  A hill giant (shapeshifter) (Vaults:5)
  8 hill giants
  An obsidian statue (Zot:5)
  17 ironbrand convokers
  2 unseen horrors
  5 phantasmal warriors
  9 necromancers
  A swamp dragon (shapeshifter) (Vaults:4)
  A mana viper (shapeshifter) (Depths:2)
  24 orc knights
  12 deep elf conjurers
  A harpy (shapeshifter) (Vaults:5)
  4 orc sorcerers
  The ghost of benitares the Grappler, a novice VSMo of Gozag (D:7)
  2 fauns (shapeshifter)
  19 harpies
  A fire giant zombie (Depths:2)
  10 griffons
  3 hornets
  The ghost of srt19170 the Ducker, a novice HuSk (Ossuary)
  54 ugly things
  A frost giant zombie (Depths:3)
  9 cyclopes
  16 orb spiders
  7 water nymphs
  3 stone giant zombies
  A fire giant skeleton (Vaults:3)
  A rust devil (Depths:4)
  17 elephants
  A salamander (shapeshifter) (Vaults:3)
  9 fauns
  8 sirens
  38 wolf spiders
  2 black mambas (shapeshifter)
  5 salamanders
  31 moths of wrath
  A sixfirhy (D:13)
  2 black mambas
  18 eyes of devastation (Depths:4)
  A toenail golem (Volcano)
  5 gargoyles
  5 manticores
  A smoke demon (D:7)
  2 torpor snails
  A guardian serpent (shapeshifter) (D:15)
  A fire drake (shapeshifter) (Depths:5)
  11 spiny frogs
  16 vault sentinels
  A komodo dragon (Lair:4)
  54 yaktaurs
  An orange demon (Depths:3)
  A spriggan zombie (Depths:2)
  A yaktaur zombie (Vaults:4)
  12 tengu conjurers
  3 hellwings
  18 jumping spiders
  7 trolls
  2 kobold demonologists
  10 demonic crawlers
  4 fire drakes
  5 human skeletons
  A red devil (Depths:4)
  4 freezing wraiths
  28 merfolk
  25 two-headed ogres
  18 deep elf priests
  3 wind drakes
  2 blink frogs (shapeshifter) (Vaults:2)
  4 polar bears (Lair:5)
  21 blink frogs
  A sphinx simulacrum (Vaults:5)
  10 boulder beetles
  A blue devil (Depths:2)
  8 snapping turtles
  A shadow dragon simulacrum (Depths:4)
  A raiju (shapeshifter) (Vaults:1)
  A redback (shapeshifter) (Vaults:2)
  10 spriggans
  15 trapdoor spiders
  22 tarantellas
  An elf skeleton (Depths:4)
  A wraith (D:12)
  34 slime creatures
  A flying skull (Vaults:2)
  A snapping turtle (shapeshifter) (Vaults:3)
  A shadow (D:15)
  10 water elementals
  3 air elementals (Depths:2)
  2 wyverns
  A hog (shapeshifter) (Vaults:2)
  51 redbacks
  A yak (shapeshifter) (Vaults:1)
  2 spriggan skeletons
  2 vampires
  53 yaks
  33 deep elf magi
  A fire bat (shapeshifter) (Vaults:5)
  6 basilisks
  A neqoxec (Depths:2)
  20 deep elf fighters
  4 fire elementals
  2 chaos spawn
  7 hippogriffs
  14 vampire mosquitoes
  A golden eye (Depths:4)
  A yaktaur simulacrum (Vaults:5)
  2 mottled dragons
  12 wargs
  6 porcupines
  4 hell hounds
  13 water moccasins
  An eye of draining (D:14)
  2 ice beasts
  36 spiders
  A water moccasin (shapeshifter) (Depths:2)
  4 black bears
  65 orc warriors
  A swamp drake (Orc:1)
  44 ogres
  A necrophage (D:11)
  The ghost of nataq the Skirmisher, an amateur DsFi (D:3)
  10 wasps
  4 boggarts
  5 phantoms
  31 centaurs
  13 crocodiles
  An elf simulacrum (Vaults:5)
  4 big kobolds
  3 brain worms
  2 elf zombies
  A big kobold (shapeshifter) (Vaults:5)
  A wyvern zombie (D:12)
  12 giant frogs
  A wyvern skeleton (D:14)
  8 scorpions
  2 killer bees (shapeshifter)
  An orc simulacrum (Vaults:1)
  A troll zombie (Ossuary)
  3 wights (D:8)
  6 electric eels
  9 killer bees
  4 giant frog zombies
  5 human zombies
  A quasit (D:11)
  7 centaur zombies
  3 hounds
  3 jellies
  33 orc priests
  31 orc wizards
  12 crimson imps
  Ijyb (D:3)
  A giant frog skeleton (D:11)
  A jelly (shapeshifter) (Vaults:5)
  8 centaur skeletons
  10 iguanas
  13 worker ants
  An iron imp (Orc:1)
  A sheep (shapeshifter) (Vaults:3)
  An ogre zombie (Ossuary)
  31 sheep
  A killer bee zombie (D:8)
  2 mummies (Ossuary)
  2 hound zombies
  2 hound skeletons
  A worker ant zombie (D:10)
  20 adders
  7 gnolls
  47 river rats
  A white imp (Orc:1)
  2 shadow imps
  2 oozes
  4 adder zombies
  3 adder skeletons
  4 worms
  6 giant geckos
  214 orcs
  16 ball pythons
  5 bats
  4 giant cockroaches
  A gnoll zombie (Ossuary)
  6 goblins
  3 hobgoblins
  A giant cockroach zombie (D:6)
  6 giant newts
  2 goblin zombies (Ossuary)
  4 hobgoblin zombies (Ossuary)
  6 jackals
  21 kobolds
  3 kobold zombies (Ossuary)
  An orc zombie (Ossuary)
  9 quokkas
  A quokka skeleton (D:4)
  5 quokka zombies (Ossuary)
  28 rats
  3 rat zombies (Ossuary)
  A crawling corpse (Depths:5)
  12 tentacles
2643 creatures vanquished.

Vanquished Creatures (collateral kills)
  A juggernaut (Depths:5)
  A tentacled monstrosity (Vaults:4)
  A vault warden (Vaults:2)
  A draconian knight (Zot:4)
  A draconian shifter (Zot:2)
  A draconian zealot (Zot:4)
  A fire giant (Vaults:4)
  3 ironheart preservers
  A green draconian (Depths:5)
  A dire elephant (D:15)
  2 purple draconians
  A yellow draconian (Depths:5)
  2 white draconians
  An ettin (Vaults:2)
  A merfolk impaler (Shoals:4)
  A yaktaur captain (Vaults:4)
  An ice dragon (Zot:4)
  A hydra (D:11)
  A merfolk avatar (Shoals:4)
  3 ogre magi
  A deep troll earth mage (Vaults:1)
  A deep troll shaman (Vaults:1)
  A deep elf knight (Vaults:4)
  A skeletal warrior (Vaults:2)
  A deep troll (Vaults:1)
  A sea snake (Shoals:3)
  2 ironbrand convokers
  3 orc knights
  2 manticores
  A harpy (Shoals:4)
  3 vault sentinels
  An elephant (Lair:8)
  A siren (Shoals:4)
  A yaktaur (Depths:5)
  2 merfolk (Shoals:4)
  A troll (D:15)
  4 two-headed ogres (Vaults:1)
  A blink frog (Lair:7)
  A yak (Lair:8)
  A snapping turtle (Shoals:4)
  Menkaure (Ossuary)
  6 ogres (Vaults:1)
  2 orc warriors (Vaults:1)
  An orc priest (Vaults:1)
  2 orc wizards
  4 mummies (Ossuary)
  7 river rats (Lair:8)
  5 orcs
84 creatures vanquished.

Vanquished Creatures (others)
  An eldritch tentacle (Depths:2)
  A fire giant (Vaults:4)
  A draconian knight (Zot:4)
  A frost giant (Depths:5)
  An orc knight (Vaults:3)
  A yaktaur (Vaults:3)
  A wind drake (shapeshifter) (Vaults:3)
  A troll (Vaults:3)
  3 humans (D:14)
  A yak (Lair:6)
  A wasp (Depths:4)
  A centaur (Orc:4)
  3 ogres
  An orc wizard (Orc:1)
  2 orcs
  74 eldritch tentacle segments (Depths:2)
  A fire vortex (Vaults:4)
  23 fungi
  69 plants
  81 tentacles
  3501 tentacle segments
3769 creatures vanquished.

Grand Total: 6496 creatures vanquished

Notes
Turn   | Place    | Note
--------------------------------------------------------------
     0 | D:1      | timez0r the Minotaur Berserker began the quest for the Orb.
     0 | D:1      | Reached XP level 1. HP: 19/19 MP: 0/0
    91 | D:1      | Reached skill level 4 in Maces & Flails
   174 | D:1      | Reached XP level 2. HP: 23/26 MP: 1/1
   865 | D:2      | Reached ** piety under Trog
   865 | D:2      | Reached skill level 5 in Maces & Flails
   865 | D:2      | Reached XP level 3. HP: 29/31 MP: 2/2
  1782 | D:3      | Found a blossoming altar of Fedhas.
  2201 | D:3      | Reached skill level 6 in Maces & Flails
  2201 | D:3      | Reached XP level 4. HP: 39/39 MP: 3/3
  2206 | D:3      | Noticed nataq's ghost (amateur DsFi)
  2211 | D:3      | Killed nataq's ghost
  2211 | D:3      | Reached skill level 7 in Maces & Flails
  2211 | D:3      | Reached XP level 5. HP: 41/45 MP: 4/4
  2215 | D:3      | Noticed Ijyb
  2217 | D:3      | Killed Ijyb
  2223 | D:3      | Noticed a scorpion
  2227 | D:3      | Killed a scorpion
  2300 | D:3      | Found a snail-covered altar of Cheibriados.
  2333 | D:3      | Reached skill level 8 in Maces & Flails
  2723 | D:4      | Found a staircase to the Ecumenical Temple.
  2745 | D:4      | Reached XP level 6. HP: 46/51 MP: 5/5
  3030 | D:4      | Noticed an ogre
  3044 | D:4      | Killed an ogre
  3044 | D:4      | Reached skill level 9 in Maces & Flails
  3174 | D:4      | Noticed a phantom
  3180 | D:4      | Killed a phantom
  3249 | D:4      | Reached XP level 7. HP: 52/57 MP: 6/6
  3303 | D:4      | Reached skill level 10 in Maces & Flails
  3657 | D:4      | Noticed a phantom
  3668 | D:4      | Killed a phantom
  3751 | D:4      | Reached *** piety under Trog
  3919 | D:5      | Entered Level 5 of the Dungeon
  4089 | D:5      | Reached skill level 11 in Maces & Flails
  4100 | D:5      | Found a deep blue altar of Sif Muna.
  4125 | D:5      | Found a glowing drain.
  4132 | Sewer    | Entered a sewer
  4427 | Sewer    | Reached **** piety under Trog
  4597 | Sewer    | Reached XP level 8. HP: 59/64 MP: 7/7
  4935 | D:5      | Found a bloodstained altar of Trog.
  4957 | D:5      | Reached skill level 12 in Maces & Flails
  5084 | D:5      | Reached skill level 17 in Maces & Flails
  5084 | D:5      | Reached XP level 9. HP: 70/70 MP: 8/8
  5945 | D:6      | Found a sand-covered staircase.
  6002 | Ossuary  | Entered an ossuary
  6248 | Ossuary  | Noticed Menkaure
  6267 | Ossuary  | Killed Menkaure
  6428 | Ossuary  | Noticed srt19170's ghost (novice HuSk)
  6514 | Ossuary  | Killed srt19170's ghost
  6514 | Ossuary  | Reached skill level 18 in Maces & Flails
  6877 | D:6      | Reached XP level 10. HP: 77/77 MP: 9/9
  7408 | D:7      | Found a glowing golden altar of the Shining One.
  7421 | D:7      | Noticed benitares's ghost (novice VSMo)
  7433 | D:7      | Killed benitares's ghost
  7478 | D:7      | Found an opulent altar of Gozag.
  7493 | D:7      | Found a shadowy altar of Dithmenos.
  7582 | D:7      | Reached skill level 10 in Armour
  7582 | D:7      | Reached XP level 11. HP: 82/82 MP: 10/10
  7583 | D:7      | Reached XP level 12. HP: 90/90 MP: 11/11
  8030 | D:7      | Got an encrusted scythe
  8031 | D:7      | Identified the +4 scythe "Jellyslayer" {flame, *Drain rElec rF+ Str+4} (You found it on level 7 of the Dungeon)
  8329 | D:8      | Noticed a three-headed hydra
  8335 | D:8      | Killed a three-headed hydra
  8339 | D:8      | Reached skill level 5 in Fighting
  8424 | D:8      | Found Iruaxtud's General Store.
  8643 | D:8      | Found a white marble altar of Elyvilon.
  8660 | D:8      | Reached ***** piety under Trog
  9217 | D:9      | Found Qoimipic's Gadget Shoppe.
  9223 | D:9      | Found Ricvarha's Jewellery Emporium.
  9270 | D:9      | Found Iremoc's Jewellery Shop.
  9459 | D:9      | Found Ohaig's Magic Scroll Boutique.
  9464 | D:9      | Bought a scroll of summoning for 104 gold pieces
  9464 | D:9      | Bought a scroll of fear for 38 gold pieces
  9464 | D:9      | Bought a scroll of teleportation for 33 gold pieces
  9854 | D:10     | Entered Level 10 of the Dungeon
  9885 | D:10     | Found Xicepueq's Antique Weapon Shop.
 10008 | D:10     | Found Ovif's Jewellery Emporium.
 10034 | D:10     | Found Boskyl's General Store.
 10042 | D:10     | Received a gift from Trog
 10227 | D:10     | Bought a scroll of enchant weapon for 97 gold pieces
 10328 | D:10     | Found Fiopn's Assorted Antiques.
 10341 | D:10     | Bought a scorched hand axe for 240 gold pieces
 10346 | D:10     | Lost intelligence.
 10346 | D:10     | Identified the cursed +3 hand axe of Disarray {chop, rPois rC+ rN+ Int-5} (You bought it in a shop on level 10 of the Dungeon)
 11092 | D:11     | Reached skill level 19 in Maces & Flails
 11609 | D:11     | Noticed an eight-headed hydra
 11610 | D:11     | Found a staircase to the Lair.
 11612 | D:11     | Killed an eight-headed hydra
 12041 | Lair:1   | Entered Level 1 of the Lair of Beasts
 12579 | Lair:2   | Found a dark tunnel.
 12652 | Volcano  | Entered a volcano
 12931 | Lair:2   | Reached XP level 13. HP: 104/108 MP: 12/12
 12936 | Lair:2   | Received a gift from Trog
 13065 | Lair:2   | Noticed a five-headed hydra
 13076 | Lair:2   | Killed a five-headed hydra
 14376 | Lair:4   | Gained mutation: Your mind is acute. (Int +2) [potion of mutation]
 14376 | Lair:4   | Gained mutation: You are agile. (Dex +2) [potion of mutation]
 14376 | Lair:4   | Gained mutation: You are partially covered in thin metallic scales (AC +2). [potion of mutation]
 15157 | Lair:4   | Reached skill level 10 in Fighting
 15215 | Lair:5   | Reached skill level 15 in Armour
 15317 | Lair:5   | Received a gift from Trog
 16021 | Lair:5   | Identified a scroll of acquirement
 16346 | Lair:6   | Found a staircase to the Shoals.
 16477 | Lair:6   | Found a viscous altar of Jiyva.
 16477 | Lair:6   | Found a staircase to the Slime Pits.
 16483 | Lair:6   | Found a sacrificial altar of Ru.
 16884 | Lair:6   | Reached ****** piety under Trog
 16912 | Lair:6   | Found a hole to the Spider Nest.
 17386 | Lair:6   | Reached XP level 14. HP: 126/126 MP: 13/13
 17531 | Lair:6   | Reached skill level 20 in Maces & Flails
 17562 | Lair:7   | Received a gift from Trog
 18535 | Lair:8   | Entered Level 8 of the Lair of Beasts
 18535 | Lair:8   | Found a snail-covered altar of Cheibriados.
 19083 | Lair:8   | Noticed Nessos
 19111 | Lair:8   | Killed Nessos
 19530 | Lair:7   | Received a gift from Trog
 20778 | Lair:8   | Noticed Maud
 20789 | Lair:8   | Killed Maud
 21826 | D:12     | Reached skill level 15 in Fighting
 21877 | D:12     | Found a staircase to the Orcish Mines.
 22197 | D:12     | Reached XP level 15. HP: 136/141 MP: 14/14
 22463 | D:12     | Found a roughly hewn altar of Beogh.
 22922 | Orc:1    | Entered Level 1 of the Orcish Mines
 22922 | Orc:1    | Found Onoeluh's Antique Weapon Shop.
 22953 | D:12     | Received a gift from Trog
 23536 | Orc:1    | Received a gift from Trog
 25025 | Orc:4    | Entered Level 4 of the Orcish Mines
 25438 | Orc:4    | Received a gift from Trog
 27361 | Orc:4    | Found a staircase to the Elven Halls.
 27699 | Orc:4    | Found Fer Wafo's Magic Scroll Shoppe.
 27699 | Orc:4    | Found Cymoasou's Food Shop.
 27701 | Orc:4    | Found Vyugriw's General Store.
 27703 | Orc:4    | Found Juim's Gadget Emporium.
 27707 | Orc:4    | Bought a scroll of blinking for 120 gold pieces
 29030 | D:13     | Found a gate to the Vaults.
 29377 | D:14     | Received a gift from Trog
 29486 | D:14     | Noticed Kirke
 29498 | D:14     | Killed Kirke
 30299 | D:15     | Entered Level 15 of the Dungeon
 30497 | D:15     | Noticed Louise
 30517 | D:15     | Killed Louise
 30721 | D:15     | Noticed Roxanne
 31133 | D:15     | Found a staircase to the Depths.
 31191 | D:15     | Found a glowing silver altar of Zin.
 31610 | Shoals:1 | Entered Level 1 of the Shoals
 32211 | Shoals:1 | Received a gift from Trog
 32240 | Shoals:1 | Reached XP level 16. HP: 157/157 MP: 5/15
 32500 | Shoals:2 | Found Qyex's Book Boutique.
 32877 | Shoals:2 | Found Qobienne's Weapon Shop.
 33027 | Shoals:2 | Found Kaepomad's General Store.
 33053 | Shoals:2 | Bought a scroll of teleportation for 60 gold pieces
 33053 | Shoals:2 | Bought a +0 leather armour for 40 gold pieces
 33062 | Shoals:2 | Found Juigipux's Antique Weapon Emporium.
 36213 | Shoals:3 | Received a gift from Trog
 36320 | Shoals:3 | Reached skill level 1 in Axes
 36492 | Shoals:4 | Entered Level 4 of the Shoals
 36492 | Shoals:4 | Noticed Ilsuiw
 37082 | Shoals:4 | Reached skill level 5 in Axes
 37718 | Shoals:2 | Bought a scroll of noise for 20 gold pieces
 37984 | Shoals:4 | Reached skill level 5 in Dodging
 39168 | Shoals:4 | Reached XP level 17. HP: 155/168 MP: 5/16
 39230 | Shoals:4 | Killed Ilsuiw
 39751 | Shoals:4 | Received a gift from Trog
 41051 | Shoals:4 | Got a barnacled rune of Zot
 41310 | Spider:1 | Entered Level 1 of the Spider Nest
 41884 | Spider:1 | Got a warped whip
 41903 | Spider:1 | Identified the +11 whip "Ziyrimea" {slash, rF+} (You found it on level 1 of the Spider Nest)
 42328 | Spider:2 | Received a gift from Trog
 42339 | Spider:2 | Noticed Frances
 42408 | Spider:2 | Killed Frances
 42683 | Spider:2 | Got a twitching glass ring
 42685 | Spider:2 | Identified the ring of Jealousy {rN+ MP+9 Int+4} (You found it on level 2 of the Spider Nest)
 43210 | Spider:3 | Noticed Aizul
 43860 | Spider:2 | Killed Aizul
 44219 | Spider:3 | Received a gift from Trog
 45153 | Spider:3 | Reached skill level 10 in Dodging
 45965 | Spider:3 | Received a gift from Trog
 45965 | Spider:3 | Reached XP level 18. HP: 77/180 MP: 17/17
 46272 | Spider:3 | Reached skill level 21 in Fighting
 46527 | Spider:4 | Entered Level 4 of the Spider Nest
 48778 | Spider:4 | Got a gossamer rune of Zot
 49384 | D:10     | Bought the ring "Ufrog" {rF+ MR++} for 646 gold pieces
 49770 | Vaults:1 | Entered Level 1 of the Vaults
 49810 | Vaults:1 | Noticed Norris
 49830 | Vaults:1 | Killed Norris
 51189 | Vaults:1 | Received a gift from Trog
 51330 | Vaults:1 | Reached skill level 22 in Fighting
 52640 | Vaults:2 | Reached XP level 19. HP: 188/191 MP: 6/18
 52645 | Vaults:2 | Found a staircase to the Crypt.
 52732 | Vaults:2 | Received a gift from Trog
 54226 | Vaults:2 | Received a gift from Trog
 55364 | Vaults:3 | Found an iron altar of Okawaru.
 56194 | Vaults:3 | Received a gift from Trog
 56560 | Vaults:3 | Reached skill level 23 in Fighting
 57619 | Vaults:3 | Reached XP level 20. HP: 195/204 MP: 6/19
 58435 | Vaults:4 | Received a gift from Trog
 59383 | Vaults:4 | Found Qeobbuim's Antique Weapon Boutique.
 60103 | Vaults:4 | Received a gift from Trog
 60240 | Vaults:3 | Got a pair of jewelled boots
 60252 | Vaults:3 | Identified the +0 pair of boots of Omission {Int+3 Dex+4} (You acquired it on level 3 of the Vaults)
 60420 | Vaults:3 | Reached skill level 24 in Fighting
 61319 | Vaults:4 | Received a gift from Trog
 62281 | Orc:4    | Bought 2 scrolls of teleportation for 96 gold pieces
 62281 | Orc:4    | Bought a scroll of silence for 120 gold pieces
 62281 | Orc:4    | Bought a scroll of brand weapon for 320 gold pieces
 62281 | Orc:4    | Bought a scroll of enchant armour for 120 gold pieces
 62284 | Orc:4    | Bought a potion of heal wounds for 75 gold pieces
 62284 | Orc:4    | Bought a scroll of teleportation for 45 gold pieces
 62316 | Elf:1    | Entered Level 1 of the Elven Halls
 62334 | Elf:1    | Noticed Azrael
 62379 | Elf:1    | Killed Azrael
 62564 | Elf:1    | Found a deep blue altar of Sif Muna.
 63058 | Elf:1    | Received a gift from Trog
 63058 | Elf:1    | Reached skill level 15 in Dodging
 63073 | Elf:1    | Got an ancient dire flail {god gift}
 63087 | Elf:1    | Identified the +4 dire flail of Defence by Offence {venom, rF+ Stlth+} (Trog gifted it to you on level 1 of the Elven Halls)
 63575 | Elf:1    | Reached XP level 21. HP: 213/215 MP: 20/20
 63631 | Elf:1    | Received a gift from Trog
 63659 | Elf:1    | Found Vuryut's Gadget Boutique.
 64518 | Elf:2    | Received a gift from Trog
 64782 | Elf:2    | Found a runed gate.
 64782 | Elf:2    | Found a runed gate.
 64782 | Elf:2    | Found a runed gate.
 65112 | Depths:1 | Entered Level 1 of the Depths
 66441 | Depths:1 | Reached skill level 25 in Fighting
 66893 | Depths:1 | Found a corrupted altar of Lugonu.
 66893 | Depths:1 | Found a one-way gate to the infinite horrors of the Abyss.
 67000 | Depths:1 | Found a gateway to Hell.
 68016 | Depths:2 | Received a gift from Trog
 68267 | Depths:2 | Found a one-way gate leading to the halls of Pandemonium.
 69277 | Depths:2 | Noticed a caustic shrike
 69285 | Depths:2 | Killed a caustic shrike
 69494 | Depths:2 | Received a gift from Trog
 69498 | Depths:2 | Reached XP level 22. HP: 219/228 MP: 21/21
 70355 | Depths:2 | Found a basalt altar of Yredelemnul.
 70957 | Depths:3 | Reached skill level 26 in Fighting
 71001 | Depths:3 | Received a gift from Trog
 71218 | Depths:3 | Noticed a juggernaut
 72489 | Depths:3 | Received a gift from Trog
 73282 | Depths:4 | Noticed Mennas
 73321 | Depths:4 | Killed Mennas
 73602 | Depths:4 | Reached XP level 23. HP: 238/238 MP: 22/22
 73867 | Depths:4 | Found Weafuck's Antique Weapon Boutique.
 74177 | Depths:4 | Noticed the Enchantress
 74734 | Depths:4 | Killed the Enchantress
 74970 | Depths:4 | Received a gift from Trog
 75523 | Depths:4 | Reached skill level 27 in Fighting
 75911 | D:9      | Bought the amulet "Qaonwuch" {Clar rElec MR+} for 633 gold pieces
 76406 | Vaults:5 | Entered Level 5 of the Vaults
 79190 | Vaults:4 | Received a gift from Trog
 79307 | Vaults:5 | Received a gift from Trog
 79820 | Vaults:5 | Received a gift from Trog
 80032 | Vaults:5 | Reached skill level 27 in Armour
 80521 | Vaults:5 | Reached XP level 24. HP: 210/249 MP: 22/22
 80976 | Vaults:5 | Received a gift from Trog
 82542 | Vaults:5 | Received a gift from Trog
 83262 | Vaults:5 | Got a silver rune of Zot
 83810 | Depths:5 | Entered Level 5 of the Depths
 84338 | Depths:5 | Found a gateway to a ziggurat.
 84518 | Depths:5 | Killed a juggernaut
 84689 | Depths:5 | Noticed a juggernaut
 84704 | Depths:5 | Killed a juggernaut
 85270 | Depths:5 | Reached XP level 25. HP: 196/257 MP: 22/22
 85814 | Depths:5 | Got an emerald-encrusted plate armour
 85825 | Depths:5 | Identified the cursed +0 plate armour "Ygeamuit" {rPois rN+ Regen+} (You found it on level 5 of the Depths)
 86100 | Depths:5 | Received a gift from Trog
 86293 | Depths:5 | Found a gate to the Realm of Zot.
 86446 | Depths:5 | Identified the Disquisition on Creative Snow
 86555 | Depths:5 | Upgraded the game from 0.17.0-26-gececa24 to 0.17.0-27-g4a3f43e
 86563 | Zot:1    | Entered Level 1 of the Realm of Zot
 88030 | Zot:2    | Received a gift from Trog
 90193 | Zot:3    | Reached XP level 26. HP: 243/264 MP: 22/22
 90258 | Zot:2    | Received a gift from Trog
 92789 | Zot:5    | Entered Level 5 of the Realm of Zot
 93962 | Zot:5    | Received a gift from Trog
 94349 | Zot:5    | Noticed an ancient lich
 94360 | Zot:5    | Noticed an ancient lich
 94377 | Zot:5    | Killed an ancient lich
 94387 | Zot:5    | Killed an ancient lich
 94669 | Zot:5    | Noticed an orb of fire
 94694 | Zot:5    | Killed an orb of fire
 94830 | Zot:5    | Reached XP level 27. HP: 266/273 MP: 22/22
 95511 | Zot:5    | Noticed an orb of fire
 95700 | Zot:5    | Killed an orb of fire
 95836 | Zot:5    | Noticed an orb of fire
 95867 | Zot:5    | Gained mutation: You expend magic power (3 MP) to strengthen your wands. [an orb of fire]
 95869 | Zot:5    | Killed an orb of fire
 96338 | Zot:5    | Reached skill level 27 in Dodging
 96469 | Zot:5    | Noticed an orb of fire
 96477 | Zot:5    | Gained mutation: Your spells are a little harder to cast, but a little more powerful. [an orb of fire]
 96482 | Zot:5    | Killed an orb of fire
 97084 | Zot:4    | Received a gift from Trog
 98502 | Zot:5    | Got the Orb of Zot
 98540 | Zot:4    | Noticed Wyave the pandemonium lord
 99103 | D:$      | Escaped with the Orb!

Action                   |  1- 3 |  4- 6 |  7- 9 | 10-12 | 13-15 | 16-18 | 19-21 | 22-24 | 25-27 || total
-------------------------+-------+-------+-------+-------+-------+-------+-------+-------+-------++-------
Melee: Mace              |    72 |       |       |       |       |       |       |       |       ||    72
       Flail             |     8 |    58 |   361 |   225 |       |       |       |       |       ||   652
       Morningstar       |       |       |       |   185 |  1432 |       |       |       |       ||  1617
       Great mace        |       |       |       |       |   161 |  1208 |  1643 |  1677 |  1399 ||  6088
       Dire flail        |       |       |       |       |     2 |       |   330 |       |    30 ||   362
       Executioner's axe |       |       |       |       |       |    81 |       |       |       ||    81
       Whip              |       |       |       |       |       |   615 |       |       |       ||   615
Throw: Stone             |       |       |       |       |       |     2 |       |       |       ||     2
Invok: Berserk           |     1 |     1 |       |       |     1 |     3 |     3 |     1 |     3 ||    13
       Burn Spellbooks   |       |       |     2 |     3 |     5 |     3 |       |     7 |     4 ||    24
       Brothers in Arms  |       |       |     1 |     1 |     2 |     6 |     4 |     3 |     3 ||    20
       Trog's Hand       |       |       |       |       |     1 |     2 |     1 |     4 |     5 ||    13
 Abil: Evoke Flight      |       |       |       |       |     1 |       |       |       |       ||     1
Evoke: Wand              |       |       |       |       |       |       |       |       |    34 ||    34
  Use: Potion            |     1 |       |    12 |     6 |     7 |    20 |     4 |     5 |    14 ||    69
       Scroll            |     5 |     1 |     5 |     7 |     4 |    12 |     9 |    22 |    13 ||    78
 Stab: Paralysed         |       |       |       |     2 |     9 |       |       |       |       ||    11
       Petrifying        |       |       |       |       |     9 |       |       |       |       ||     9
       Confused          |       |       |       |       |     6 |       |       |       |       ||     6
       Petrified         |       |       |       |       |     2 |       |       |       |       ||     2
       Distracted        |       |       |       |       |     2 |     3 |       |       |     2 ||     7
       Invisible         |       |       |       |       |       |       |       |       |     1 ||     1
  Eat: Chunk             |     5 |     4 |     8 |    19 |    45 |    20 |    20 |    13 |    26 ||   160
       Fruit             |       |       |     3 |       |    11 |    22 |       |     7 |     4 ||    47
       Pizza             |       |       |     1 |       |     1 |    10 |     1 |     1 |     1 ||    15
       Beef jerky        |       |       |       |     1 |     1 |     1 |       |     1 |     1 ||     5
       Royal jelly       |       |       |       |       |     1 |       |       |     1 |       ||     2
       Meat ration       |       |       |       |       |     1 |     3 |     4 |     5 |    10 ||    23
       Bread ration      |       |       |       |       |       |       |     4 |     1 |     5 ||    10
